 Dungeon Crawl Stone Soup version 0.24.0-123-gd5b16e6ec5 (webtiles) character file.

Game seed: 1677294065551516134, levelgen mode: deterministic

282 Bergy the Spear-Bearer (level 6, -3/44 HPs)
             Began as a Merfolk Gladiator on Jan 5, 2020.
             Slain by an orc wizard
             ... wielding a +0 dagger
              (5 damage)
             ... on level 4 of the Dungeon.
             The game lasted 00:06:41 (3816 turns).

Bergy the Spear-Bearer (Merfolk Gladiator)          Turns: 3816, Time: 00:06:42

Health: -3/44      AC:  4    Str: 17    XL:     6   Next: 28%
Magic:  6/6        EV: 19    Int:  7    God:
Gold:   171        SH:  0    Dex: 20    Spells: 5/5 levels left

rFire    . . .     SeeInvis .   a - +0 trident
rCold    . . .     Gourm    .   (no shield)
rNeg     . . .     Faith    .   b - +0 leather armour
rPois    .         Spirit   .   c - +0 helmet
rElec    .         Reflect  .   (no cloak)
rCorr    .         Harm     .   (no gloves)
MR       .....                  (no boots)
Stlth    +++.......             (no amulet)
HPRegen  0.14/turn              (no ring)
MPRegen  0.10/turn              (no ring)

@: agile
A: change form in water, swift swim, stealthy swim
a: no special abilities


You were on level 4 of the Dungeon.
You were not hungry.

You visited 1 branch of the dungeon, and saw 4 of its levels.

You collected 171 gold pieces.

Inventory:

Hand Weapons
 a - a +0 trident (weapon)
Missiles
 d - 3 throwing nets (quivered)
Armour
 b - a +0 leather armour (worn)
 c - a +0 helmet (worn)
Wands
 k - a wand of acid (8)
Scrolls
 e - 5 scrolls of identify {unknown}
 g - a scroll of noise {unknown}
 i - 4 scrolls of enchant armour {unknown}
 j - 2 scrolls of remove curse {unknown}
Potions
 m - a potion of mutation {unknown}
Comestibles
 f - 7 rations
 h - 5 chunks of flesh


   Skills:
 - Level 2.1 Fighting
 * Level 9.8 Polearms
 - Level 2.0 Throwing
 - Level 4.0 Dodging


You had 5 spell levels left.
You didn't know any spells.
Your spell library was empty.

Dungeon Overview and Level Annotations

Branches:
Dungeon (4/15)
 Temple: D:4-7

Altars:
Gozag
Nemelex Xobeh
Okawaru
Uskayaw
The Shining One

Annotations:
D:2 1 runed translucent door, Crazy Yiuf


Message History

You closely miss the orc wizard.
The orc wizard is heavily wounded.
The orc wizard complains to no one in particular.
The orc wizard hits you with a +0 dagger.
The orc barely misses you. The orc completely misses you.
The orc wizard closely misses you.
You closely miss the orc wizard.
The orc wizard is heavily wounded.
The orc wizard hits you with a +0 dagger.
* * * LOW HITPOINT WARNING * * *
The orc hits you but does no damage.
The orc wizard points at you and mumbles some strange words.
The puff of frost hits you!
* * * LOW HITPOINT WARNING * * *
The orc barely misses you.
You barely miss the orc wizard.
The orc wizard is heavily wounded.
The orc wizard completely misses you.
The orc wizard hits you with a +0 dagger.
You die...

..........###....#>..........#.
....#.........##.............##
.........###(..#............##
...#....###.............#.#.#
.. #............#.....##..###
#............##.....####
#........##......##.##
o.........###o......###
........o.##.o@....##
.............oo...##
.......##.....#...# .....#.
##....##.## #...... ##
......... ..........#
.....#...### ....###.##


You could see 2 orc wizards and 2 orcs.

Vanquished Creatures
  A crimson imp (D:2)
  2 orc wizards
  Ijyb (D:3)
  2 worker ants (D:4)
  6 adders
  2 oozes
  A worm (D:2)
  A leopard gecko (D:3)
  5 orcs
  2 giant cockroaches
  7 goblins
  7 hobgoblins
  5 jackals
  3 kobolds
  A quokka (D:3)
  7 bats
  4 frilled lizards
  5 rats
62 creatures vanquished.

Notes
Turn   | Place    | Note
-------+----------+-------------------------------------------
     0 | D:1      | Bergy the Merfolk Gladiator began the quest for the Orb.
     0 | D:1      | Reached XP level 1. HP: 16/16 MP: 1/1
   204 | D:1      | Reached skill level 5 in Polearms
   266 | D:1      | Reached XP level 2. HP: 22/22 MP: 2/2
   792 | D:1      | Reached skill level 6 in Polearms
   792 | D:1      | Reached XP level 3. HP: 19/27 MP: 3/3
   991 | D:2      | Reached XP level 4. HP: 18/33 MP: 4/4
  1192 | D:2      | Reached skill level 7 in Polearms
  1382 | D:2      | Found a faded altar of an unknown god.
  1504 | D:2      | Found an iron altar of Okawaru.
  1826 | D:2      | Reached skill level 8 in Polearms
  2004 | D:2      | Found a runed translucent door.
  2005 | D:2      | Noticed Crazy Yiuf
  2357 | D:3      | Reached XP level 5. HP: 38/38 MP: 5/5
  2596 | D:3      | Found an opulent altar of Gozag.
  2693 | D:3      | Found a hide-covered altar of Uskayaw.
  2948 | D:3      | Noticed Ijyb
  2963 | D:3      | Killed Ijyb
  3198 | D:3      | Reached skill level 9 in Polearms
  3384 | D:3      | Found a glowing golden altar of the Shining One.
  3634 | D:4      | Found a sparkling altar of Nemelex Xobeh.
  3652 | D:4      | Reached XP level 6. HP: 44/44 MP: 6/6
  3815 | D:4      | HP: 2/44 [orc wizard/puff of frost (10)]
  3816 | D:4      | Slain by an orc wizard

Levels and vault maps discovered:
D:1:      sevenhm_arrival_forest_fort_small_4, layout_basic, hex_large
D:2:      layout_basic, chequers_ecumenical_altar_grove,
          kennysheep_okawaru_gauntlet, uniq_crazy_yiuf_cottage
D:3:      layout_basic, overflow_temple_1_default, nicolae_gozag_seed_capital,
          tso_oasis_becter, uniq_ijyb
D:4:      layout_cave_pools, lemuel_doored_altar, first_ration,
          cheibrodos_gnoll_hut

Skill      XL: |  1  2  3  4  5 |
---------------+----------------+-----
Polearms       | 5 6 8 9 |  9.8
Fighting       | |  2.1
Throwing       | |  2.0
Dodging        | |  4.0

Action                   |  1- 3 |  4- 6 || total
-------------------------+-------+-------++-------
Melee: Trident           |    80 |   210 ||   290
  Use: Potion            |       |     3 ||     3
 Stab: Sleeping          |       |     1 ||     1
  Eat: Chunk             |       |     9 ||     9
Armor: Leather armour    |    19 |    41 ||    60
Dodge: Dodged            |    50 |   144 ||   194
